 Dungeon Crawl Stone Soup version 0.23.0 (webtiles) character file.

Game seed: 14494162446041403022

3987 Vesto the Fighter (level 10, -4/91 HPs)
             Began as a Minotaur Fighter on Feb 9, 2019.
             Was a Believer of Okawaru.
             Slain by a skeletal warrior
             ... wielding a +0 mace
             ... led by a death knight
              (11 damage)
             ... on level 8 of the Dungeon.
             The game lasted 00:14:02 (6602 turns).

Vesto the Fighter (Minotaur Fighter)                Turns: 6602, Time: 00:14:02

Health: -4/91      AC: 15    Str: 22    XL:     10   Next: 3%
Magic:  9/11       EV: 11    Int:  6    God:    Okawaru [**....]
Gold:   108        SH:  0    Dex: 11    Spells: 13/14 levels left

rFire    + . .     SeeInvis +   a - +1 great sword (venom)
rCold    . . .     Gourm    +   (shield currently unavailable)
rNeg     . . .     Faith    .   v - +0 chain mail
rPois    .         Spirit   .   (helmet restricted)
rElec    .         Reflect  .   x - +1 cloak
rCorr    .         Harm     .   (no gloves)
MR       .....                  (no boots)
Stlth    ..........             i - amulet of the gourmand
HPRegen  0.25/turn              y - ring of see invisible
MPRegen  0.12/turn              h - ring of protection from fire

@: heroism
A: retaliatory headbutt, claws 1, horns 2, low mp 1
a: Heroism, Renounce Religion


You were on level 8 of the Dungeon.
You worshipped Okawaru.
Okawaru was pleased with you.
You were completely stuffed.

You visited 2 branches of the dungeon, and saw 9 of its levels.

You collected 365 gold pieces.
You spent 257 gold pieces at shops.

Inventory:

Hand Weapons
 a - a +1 great sword of venom (weapon)
 b - a +0 long sword
Missiles
 n - 2 throwing nets (quivered)
Armour
 c - a +0 shield
 v - a +0 chain mail (worn)
 x - a +1 cloak (worn)
Jewellery
 g - an uncursed ring of protection from cold
 h - a ring of protection from fire (right claw)
 i - an amulet of the gourmand (around neck)
 k - an uncursed ring of protection from magic
 l - an uncursed ring of protection from fire
 y - a ring of see invisible (left claw)
Wands
 e - a wand of polymorph (11)
 o - a wand of acid (7)
Scrolls
 j - 2 scrolls of blinking
 p - 6 scrolls of identify
 q - a scroll of enchant armour
 r - 4 scrolls of remove curse
 s - 2 scrolls of teleportation
Potions
 d - a potion of heal wounds
 m - 2 potions of flight
 u - 2 potions of cancellation
Comestibles
 f - 13 rations
 t - a chunk of flesh


   Skills:
 * Level 9.0(14.0) Fighting
 * Level 8.5(13.5) Long Blades
 - Level 3.0(8.0) Throwing
 * Level 8.9(13.9) Armour
 - Level 2.0(7.0) Dodging
 - Level 4.0(9.0) Shields
 + Level 2.6 Spellcasting
 + Level 2.6 Hexes
 + Level 3.6 Evocations


You had 13 spell levels left.
You knew the following spells:

 Your Spells              Type           Power        Failure   Level  Hunger
a - Corona                Hex            #......      54%         1    ##.....

Your spell library contained the following spells:

 Spells                   Type           Power        Failure   Level  Hunger
 Ensorcelled Hibernation  Hex/Ice        #.....       86%         2    ###....
 Beastly Appendage        Tmut           #.....       89%         1    ##.....
 Confuse                  Hex            #.......     89%         3    ####...
 Tukima's Dance           Hex            #.......     89%         3    ####...
 Sticks to Snakes         Tmut           #.......     96%         2    ###....
 Dazzling Spray           Conj/Hex       #.....       98%         3    ####...
 Spider Form              Tmut/Pois      #.........   99%         3    ####...
 Ice Form                 Ice/Tmut       #.......     100%        4    #####..
 Blade Hands              Tmut           #.........   100%        5    ######.


Dungeon Overview and Level Annotations

Branches:
Dungeon (8/15)             Temple (1/1) D:5
   Lair: D:8-11

Altars:
Ashenzari
Cheibriados
Dithmenos
Elyvilon
Fedhas
Gozag
Hepliaklqana
Kikubaaqudgha
Makhleb
Nemelex Xobeh
Okawaru
Qazlal
Ru
Sif Muna
Trog
Uskayaw
Vehumet
Wu Jian
Xom
Yredelemnul
Zin
The Shining One

Shops:
D:4 %   D:5 ?   D:6 (

Annotations:
D:7 exclusion: downstairs


Innate Abilities, Weirdness & Mutations

You reflexively headbutt those who attack you in melee.
You have a pair of horns on your head.
You have sharp fingernails.
Your magical capacity is low. (-10% MP)


Message History

You hit the skeletal warrior but do no damage.
Your headbutt misses the skeletal warrior.
The skeletal warrior hits you with a +0 mace!!
You slash the skeletal warrior!
The skeletal warrior is lightly damaged.
The skeletal warrior barely misses you.
You closely miss the skeletal warrior.
The skeletal warrior is lightly damaged.
The skeletal warrior hits you with a +0 mace!!
You gain the combat prowess of a mighty hero.
The skeletal warrior hits you with a +0 mace!!
* * * LOW HITPOINT WARNING * * *
You hit the skeletal warrior but do no damage.
Your headbutt misses the skeletal warrior.
The skeletal warrior is lightly damaged.
You hit the skeletal warrior but do no damage.
You headbutt the skeletal warrior, but do no damage.
The skeletal warrior is lightly damaged.
The skeletal warrior hits you with a +0 mace!
You die...

###.### ##....#.#
#..z..#
##....###.#
#.#.#####....##
#.#
#.._..#.......# .#
###z#.##..#....# #
#.....#...##....#
###.####.####.#...
#...###.####.####
#.#.z@.!.....#
#.#####.###### #.#
#[# #.. #.# ##.
#.# ? #.# .# #..
###


You could see a skeletal warrior.

Vanquished Creatures
  A death knight (D:8)
  Pikel (D:5)
  A freezing wraith (D:8)
  The ghost of Dickchan the Shield-Bearer, an amateur MiFi (D:4)
  Menkaure (D:4)
  A hornet zombie (D:7)
  An ice beast (D:6)
  A slave (D:5)
  2 ogres
  2 phantoms
  A sky beast (D:6)
  A centaur (D:6)
  4 necrophages
  2 bullfrogs (D:6)
  A big kobold (D:7)
  A wight (D:7)
  2 bullfrog zombies
  A centaur zombie (D:7)
  2 crimson imps
  3 hounds
  4 orc priests
  4 jellies
  An orc wizard (D:6)
  An iguana (D:5)
  5 worker ants
  2 hound zombies
  A hound skeleton (D:2)
  A mummy (D:7)
  7 gnolls
  9 adders
  2 shadow imps
  An ooze (D:3)
  An adder skeleton (D:8)
  An adder zombie (D:7)
  2 worms
  2 dart slugs
  3 leopard geckos
  10 orcs
  A bat (D:2)
  7 giant cockroaches
  9 goblins
  3 hobgoblins
  11 jackals
  10 kobolds
  2 quokkas
  A ball python zombie (D:5)
  4 frilled lizards
  A goblin zombie (D:4)
  2 hobgoblin zombies (D:4)
  A kobold skeleton (D:4)
  2 kobold zombies (D:4)
  An orc skeleton (D:4)
  An orc zombie (D:4)
  2 quokka skeletons
  9 rats
154 creatures vanquished.

Notes
Turn   | Place    | Note
-------+----------+-------------------------------------------
     0 | D:1      | Vesto the Minotaur Fighter began the quest for the Orb.
     0 | D:1      | Reached XP level 1. HP: 19/19 MP: 0/0
    54 | D:2      | Noticed a phantom
   346 | D:3      | Noticed an orc priest
   353 | D:3      | Reached XP level 2. HP: 14/27 MP: 1/1
   359 | D:3      | HP: 2/40 [orc priest/cursed -1 hand axe (2)]
   360 | D:3      | Reached skill level 4 in Fighting
   360 | D:3      | Reached XP level 3. HP: 3/33 MP: 2/2
   580 | D:4      | Reached skill level 1 in Throwing
   580 | D:4      | Reached skill level 1 in Dodging
   580 | D:4      | Reached XP level 4. HP: 20/40 MP: 3/3
   732 | D:5      | Entered Level 5 of the Dungeon
   732 | D:5      | Noticed a slave
   732 | D:5      | Noticed a slave
   732 | D:5      | Noticed a slave
   743 | D:5      | Noticed Pikel
   754 | D:5      | Found a staircase to the Ecumenical Temple.
   771 | Temple   | Entered the Ecumenical Temple
  1671 | D:1      | Reached XP level 5. HP: 47/47 MP: 4/4
  1871 | D:2      | Killed a phantom
  1871 | D:2      | Reached skill level 5 in Fighting
  1968 | D:2      | Reached skill level 5 in Armour
  1968 | D:2      | Reached XP level 6. HP: 51/56 MP: 5/5
  2377 | D:3      | Found a hazy altar of Hepliaklqana.
  2790 | D:3      | Learned a level 1 spell: Corona
  2844 | D:3      | Found a glowing silver altar of Zin.
  2846 | D:3      | Found a shadowy altar of Dithmenos.
  2852 | D:3      | Found a shimmering altar of Xom.
  2914 | D:4      | Found Icuirak's Food Emporium.
  3135 | D:4      | Found a runed translucent door.
  3135 | D:4      | Noticed Dickchan's ghost (amateur MiFi)
  3154 | D:4      | Killed Dickchan's ghost
  3154 | D:4      | Reached XP level 7. HP: 62/62 MP: 6/6
  3232 | D:4      | Noticed Menkaure
  3241 | D:4      | Killed Menkaure
  3241 | D:4      | Reached skill level 5 in Long Blades
  3241 | D:4      | Reached skill level 1 in Evocations
  3344 | D:4      | Found a glowing golden altar of the Shining One.
  3389 | D:4      | Reached skill level 6 in Fighting
  3587 | D:5      | You fall through a shaft for 2 floors!
  3601 | D:7      | Gained mutation: Your magical capacity is low. (-10% MP)
                  | [potion of mutation]
  3601 | D:7      | Gained mutation: You have sharp fingernails. [potion of
                  | mutation]
  3611 | D:7      | Reached skill level 1 in Hexes
  3614 | D:7      | Reached skill level 1 in Spellcasting
  3626 | D:7      | Reached XP level 8. HP: 71/71 MP: 7/7
  3988 | D:6      | Found Boir's Antique Weapon Boutique.
  3991 | D:6      | Found a basalt altar of Yredelemnul.
  4011 | D:6      | Bought a runed great sword for 218 gold pieces
  4281 | D:5      | Killed Pikel
  4281 | D:5      | Reached skill level 7 in Fighting
  4397 | D:5      | Found an iron altar of Okawaru.
  4487 | D:5      | Became a worshipper of Warmaster Okawaru
  4529 | D:5      | Reached XP level 9. HP: 79/79 MP: 9/9
  4646 | D:5      | Found Nuwk's Magic Scroll Boutique.
  4649 | D:5      | Bought a scroll of remove curse for 39 gold pieces
  5064 | D:6      | Reached * piety under Okawaru
  5169 | D:6      | Reached skill level 8 in Fighting
  5307 | D:6      | Found a sparkling altar of Nemelex Xobeh.
  5701 | D:7      | Found a shattered altar of Ashenzari.
  6164 | D:8      | Found an opulent altar of Gozag.
  6192 | D:8      | Noticed a death knight
  6192 | D:8      | Noticed a skeletal warrior
  6192 | D:8      | Noticed a freezing wraith
  6192 | D:8      | Noticed a skeletal warrior
  6200 | D:8      | Killed a death knight
  6206 | D:8      | Killed a freezing wraith
  6206 | D:8      | Reached ** piety under Okawaru
  6206 | D:8      | Reached XP level 10. HP: 26/90 MP: 8/11
  6208 | D:8      | HP: 2/90 [skeletal warrior/+0 mace[a death knight] (24)]
  6571 | D:8      | Reached skill level 9 in Fighting
  6602 | D:8      | Slain by a skeletal warrior

Skill      XL: |  1  2  3  4  5  6  7  8  9 10 |
---------------+-------------------------------+-----
Fighting       | 4 5 6 7 8 9 |  9.0
Long Blades    | 3 4 5 7 8 |  8.5
Armour         | 4 5 6 7 8 |  8.9
Throwing       | 1 2 3 |  3.0
Dodging        | 1 2 |  2.0
Shields        | 4 |  4.0
Evocations     | 1 2 3 |  3.6
Hexes          | 1 2 |  2.6
Spellcasting   | 1 2 |  2.6

Action                   |  1- 3 |  4- 6 |  7- 9 | 10-12 || total
-------------------------+-------+-------+-------+-------++-------
Melee: Long sword        |    28 |   176 |   189 |       ||   393
       Headbutt          |       |    31 |    55 |     2 ||    88
       Unarmed           |       |       |     1 |       ||     1
       Great sword       |       |       |    95 |     9 ||   104
Invok: Heroism           |       |       |     1 |     1 ||     2
Evoke: Wand              |       |       |     2 |     2 ||     4
  Use: Potion            |     2 |     1 |     9 |     1 ||    13
       Scroll            |       |     1 |     9 |     1 ||    11
  Eat: Ration            |       |     1 |       |       ||     1
       Chunk             |       |     3 |    21 |     2 ||    26
Armor: Scale mail        |    11 |    56 |       |       ||    67
       Chain mail        |       |       |   141 |     1 ||   142
       Skin              |       |       |    12 |       ||    12
Dodge: Dodged            |    11 |    53 |   105 |     3 ||   172
Block: Shield            |    14 |    88 |    76 |       ||   178
       Rpst.: Long sword |     3 |    13 |    11 |       ||    27
       Great sword       |       |       |    12 |       ||    12
